 Dungeon Crawl Stone Soup version 0.29.1-15-g9cfb28693d (webtiles) character file.

Game seed: 2755556328188585495

14646 tkbsonic5 the Covert (level 11, -7/48 HPs)
             Began as a Spriggan Ice Elementalist on Apr 18, 2023.
             Was a High Priest of Hepliaklqana.
             Shot with an arrow by a centaur warrior (19 damage)
             ... on level 11 of the Dungeon.
             The game lasted 01:19:24 (12973 turns).

tkbsonic5 the Covert (Spriggan Ice Elementalist)   Turns: 12973, Time: 01:19:25

Health: -7/48      AC:  3    Str:  4    XL:     11   Next: 91%
Magic:  18/22      EV: 36    Int: 24    God:    Hepliaklqana [*****.]
Gold:   391        SH:  0    Dex: 16    Spells: 1/24 levels left

rFire   + . .      SeeInvis +   F - staff of conjuration
rCold   . . .      Faith    .   (shield currently unavailable)
rNeg    + + .      Spirit   .   p - +1 robe {Archmagi}
rPois   .          Reflect  .   (helmet restricted)
rElec   .          Harm     .   q - scarf {repulsion}
rCorr   .          Rampage  .   (gloves unavailable)
Will    ++...      Archmagi +   (boots unavailable)
Stlth   ++++......              y - amulet of the acrobat
HPRegen 0.16/turn               d - ring of willpower
MPRegen 0.18/turn               r - ring of Iric {Drain rF+ rN++ Int+3 SInv}

@: on berserk cooldown, acrobatic, very slightly contaminated, slowed, repel
missiles, quick
A: reduced essence, very small, no large weapons, unfitting armour, see
invisible, speed 3
a: Renounce Religion, Recall Ancestor, Ancestor Identity, Transference, Idealise


You were on level 11 of the Dungeon.
You worshipped Hepliaklqana.
Hepliaklqana was extremely pleased with you.
You visited 1 branch of the dungeon, and saw 12 of its levels.

You collected 599 gold pieces.
You spent 208 gold pieces at shops.

Inventory:

Hand Weapons
 f - a +0 sling of flaming
 l - a +2 short sword of venom
 m - a +3 spear
 s - a +2 whip of flaming
 w - a +0 quarterstaff of speed
 C - a +4 hand axe of freezing
Missiles
 e - 17 boomerangs
 n - 29 poisoned darts
 x - a curare-tipped dart
Armour
 h - +0 acid dragon scales
 j - a +0 troll leather armour
 p - a +1 robe of the Archmagi (worn)
 q - a scarf of repulsion (worn)
Magical Staves
 F - a staff of conjuration (weapon)
Jewellery
 d - a ring of willpower (left hand)
 k - an amulet of faith
 o - an amulet of regeneration
 r - the ring of Iric (right hand) {Drain rF+ rN++ Int+3 SInv}
   (You found it on level 3 of the Dungeon)

   [ring of protection from fire]

   Int:       It affects your intelligence (+3).
   rF:        It protects you from fire.
   rN:        It greatly protects you from negative energy.
   SInv:      It lets you see invisible.
   Drain:     It drains your maximum health when unequipped.
 v - a ring of poison resistance
 y - an amulet of the acrobat (around neck)
 E - a +6 ring of dexterity
Scrolls
 a - a scroll of fear {unknown}
 c - 8 scrolls of teleportation
 t - a scroll of identify
Potions
 b - 4 potions of magic
 g - 3 potions of curing
 i - 2 potions of cancellation
 u - a potion of heal wounds
 z - 4 potions of might
 A - a potion of flight
Miscellaneous
 D - a phial of floods (inert)


   Skills:
 - Level 4.9 Fighting
 - Level 1.1(1.4) Short Blades
 - Level 0.9(1.0) Long Blades
 * Level 6.7 Ranged Weapons
 + Level 2.6 Throwing
 - Level 0.1 Armour
 + Level 7.6 Dodging
 + Level 8.7 Stealth
 + Level 7.2 Spellcasting
 * Level 4.1 Conjurations
 + Level 1.3 Hexes
 - Level 3.5 Summonings
 + Level 4.0 Necromancy
 + Level 6.8 Translocations
 * Level 1.1 Fire Magic
 * Level 6.0 Ice Magic
 * Level 1.1 Air Magic
 * Level 5.1 Invocations
 + Level 6.4 Evocations


You had one spell level left.
You knew the following spells:

 Your Spells              Type           Power      Damage    Failure   Level
a - Freeze                Ice            100%       1d11      1%          1
b - Summon Small Mammal   Summ           100%       N/A       1%          1
c - Necrotise             Necr           100%       1d9       1%          1
d - Apportation           Tloc           100%       N/A       1%          1
e - Hailstorm             Conj/Ice       65%        3d14      9%          4
f - Ensorcelled Hibernat  Hex/Ice        78%        N/A       2%          2
g - Sticky Flame          Conj/Fire      48%        2d7       24%         4
h - Freezing Cloud        Conj/Ice/Air   28%        6-21      38%         5
i - Iskenderun's Mystic   Conj/Tloc      68%        2d14      8%          4

Your spell library contained the following spells:

 Spells                   Type           Power      Damage    Failure   Level
 Frozen Ramparts          Ice            100%       1d16      1%          3
 Ozocubu's Armour         Ice            54%        N/A       1%          3
 Conjure Flame            Conj/Fire      48%        6-21      7%          3
 Dazzling Flash           Conj/Hex       98%        N/A       7%          3
 Passwall                 Tmut/Erth      10%        N/A       11%         2
 Swiftness                Air            21%        N/A       13%         3
 Ignite Poison            Fire/Tmut/Pois 15%        N/A       19%         3
 Simulacrum               Ice/Necr       24%        N/A       80%         6
 Starburst                Conj/Fire      24%        6d8       98%         6
 Polar Vortex             Ice            27%        N/A       100%        9


Dungeon Overview and Level Annotations

Branches:
Dungeon (12/15)            Temple (0/1) D:5            Lair (0/5) D:9
    Orc (0/2) D:10

Altars:
Ashenzari
Cheibriados
Fedhas
Hepliaklqana
Kikubaaqudgha
Makhleb
Qazlal
Sif Muna
Uskayaw
Xom

Shops:
D:6 ([

Annotations:
D:3 2 runed translucent doors


Innate Abilities, Weirdness & Mutations

Your life essence is reduced to manifest your ancestor. (-10% HP)
You are very small and have problems with some larger weapons.
You are too small for most types of armour.
You have supernaturally acute eyesight. (SInv)
You cover ground extremely quickly. (Speed+++)


Message History

The torrent of water hits the centaur warrior!
The centaur warrior is moderately wounded.
The wave splashes down.
The centaur warrior is engulfed in water.
You hear a shout! x2
The centaur warrior shoots an arrow.
The arrow closely misses you.
It was a potion of berserk rage.
A red film seems to cover your vision as you go berserk!
You feel yourself moving faster!
You feel mighty!
The centaur warrior shoots an arrow.
The arrow barely misses you.
Okay, then.
You are too berserk!
Okay, then.
Your +0 sling of flaming stops flaming.
F - a staff of conjuration (weapon)
You feel a strong urge to attack something.
You closely miss the centaur warrior.
The centaur warrior is moderately wounded.
The centaur warrior unwields a +0 longbow.
The centaur warrior misses you. The centaur warrior kicks you.
You hit the centaur warrior.
The centaur warrior is moderately wounded.
The centaur warrior misses you.
The centaur warrior kicks you but does no damage.
You hit the centaur warrior!
You blast the centaur warrior.
The centaur warrior is heavily wounded.
The centaur warrior hits you! The centaur warrior kicks you.
An orc wizard comes into view. It is wielding a +1 dagger of flaming.
You closely miss the centaur warrior.
The centaur warrior is heavily wounded.
The centaur warrior hits you.
* * * LOW HITPOINT WARNING * * *
The centaur warrior kicks you.
* * * LOW HITPOINT WARNING * * *
You are no longer berserk.
You are exhausted.
You feel yourself slow down.
The centaur warrior wields a +0 longbow.
The centaur warrior shoots an arrow.
The arrow hits you!!
You die...

#.#..#.# ##. #.~~#..##
#.. #.~~#...##### ##.
#.#~#.......######.. .
#o.#.#.............#.
...
....#......#####......
###oo####co##..#
######.
...........##...# ##
.#..#####@.##...#
##.####..#
##...###..##
#......##..#
#...##.......# ...##
###.....## ....
##.....## ...
###....### ..
##.....###


You could see a centaur warrior (waterlogged), an orc priest and 2 orc wizards.

Vanquished Creatures
  A boulder beetle (D:8)
  2 centaur warriors (D:8)
  A two-headed ogre (D:8)
  A hydra (D:8)
  An unseen horror (D:10)
  A troll (D:10)
  A slime creature (D:8)
  A wind drake (shapeshifter) (D:8)
  A culicivora (shapeshifter) (D:8)
  5 yaks (D:10)
  A wyvern (D:10)
  Grum (D:9)
  A steam dragon (D:7)
  3 acid dragons (D:10)
  A water moccasin (D:4)
  A black bear (D:8)
  3 orc warriors
  A sky beast (D:7)
  An ice beast (D:6)
  2 ogres (D:5)
  2 wolves (D:9)
  3 bullfrogs
  A necrophage (D:7)
  A kobold brigand (D:9)
  A scorpion (D:5)
  6 wights
  8 killer bees
  An electric eel (D:9)
  A howler monkey (D:10)
  A gnoll bouda (D:6)
  4 hounds
  A jelly (D:4)
  4 orc priests
  5 iguanas
  7 orc wizards
  Robin (D:2)
  7 gnolls
  10 adders
  A white imp (D:8)
  2 worms
  7 dart slugs
  28 orcs
  7 ball pythons
  2 bats (D:2)
  A bat zombie (D:5)
  8 endoplasms
  5 giant cockroaches
  13 goblins
  6 hobgoblins
  3 jackals (D:3)
  7 quokkas
  4 frilled lizards
  13 kobolds
  5 rats
206 creatures vanquished.

Vanquished Creatures (collateral kills)
  A catoblepas (D:8)
  An ugly thing (D:8)
  A manticore (D:8)
  A troll (D:9)
  A hornet (D:8)
  A slime creature (D:8)
  A vampire (D:8)
  2 wyverns
  5 yaks
  3 steam dragons (D:8)
  5 orc warriors
  A sky beast (D:8)
  2 wolves (D:9)
  2 phantoms
  3 centaurs
  A kobold brigand (D:8)
  Blork the orc (D:6)
  3 bullfrogs
  A scorpion (D:7)
  5 wights
  4 killer bees (D:7)
  A howler monkey (D:8)
  5 orc priests
  7 hounds
  A jelly (D:7)
  3 iguanas
  6 orc wizards
  4 adders (D:6)
  5 gnolls
  An ufetubus (D:5)
  24 orcs
  4 kobolds
106 creatures vanquished.

Vanquished Creatures (others)
  A phantom (D:7)
  A kobold brigand (D:8)
  2 ancestors (D:5)
  10 battlemagi
  A gnoll (D:6)
  An orc (D:8)
  8 fungi (D:10)
  7 plants
31 creatures vanquished.

Grand Total: 343 creatures vanquished

Notes
Turn   | Place    | Note
-------+----------+-------------------------------------------
     0 | D:1      | tkbsonic5 the Spriggan Ice Elementalist began the quest for
                  | the Orb.
     0 | D:1      | Reached XP level 1. HP: 9/9 MP: 5/5
   484 | D:1      | Reached XP level 2. HP: 13/13 MP: 6/6
   943 | D:2      | Noticed Robin
  1101 | D:2      | Identified a scroll of acquirement
  1101 | D:2      | Acquired a book of Cantrips
  1107 | D:1      | Learned a level 1 spell: Summon Small Mammal
  1109 | D:1      | Learned a level 1 spell: Necrotise
  1111 | D:1      | Learned a level 1 spell: Apportation
  1431 | D:2      | Reached XP level 3. HP: 17/17 MP: 3/8
  1614 | D:2      | Reached skill level 1 in Translocations
  1885 | D:2      | Reached XP level 4. HP: 21/21 MP: 7/9
  1935 | D:2      | Killed Robin
  1936 | D:2      | Reached skill level 1 in Ranged Weapons
  2398 | D:2      | Reached XP level 5. HP: 25/25 MP: 9/11
  2464 | D:2      | Reached skill level 4 in Stealth
  2668 | D:2      | Reached skill level 1 in Necromancy
  3198 | D:3      | Found a large runed translucent door.
  3199 | D:3      | Found a large runed translucent door.
  3201 | D:3      | Found a shimmering altar of Xom.
  3252 | D:3      | Reached skill level 1 in Summonings
  3457 | D:3      | Found a glowing drain.
  3592 | D:3      | Found a hazy altar of Hepliaklqana.
  3627 | D:3      | Found a burning altar of Makhleb.
  3653 | D:3      | Became a worshipper of Hepliaklqana the Forgotten
  3828 | D:3      | Identified the ring of Iric {Drain rF+ rN++ Int+3 SInv}
  3912 | D:3      | Reached skill level 1 in Fighting
  4041 | D:3      | Reached skill level 1 in Throwing
  4174 | D:3      | Learned a level 4 spell: Hailstorm
  4196 | D:4      | Noticed a +0 falchion
  4197 | D:4      | Noticed a +0 short sword
  4204 | D:4      | Noticed a +0 dagger
  4204 | D:4      | Noticed a +0 short sword
  4204 | D:4      | Noticed a +0 dagger
  4205 | D:4      | Noticed a +0 spear
  4205 | D:4      | Noticed a +0 falchion
  4205 | D:4      | Noticed a +0 spear
  4209 | D:4      | Reached XP level 6. HP: 30/30 MP: 12/12
  4212 | D:4      | Found a hide-covered altar of Uskayaw.
  4483 | D:4      | Reached * piety under Hepliaklqana
  4580 | D:4      | Noticed a water moccasin
  4585 | D:4      | Killed a water moccasin
  4586 | D:4      | Reached skill level 1 in Short Blades
  4781 | D:4      | Reached skill level 5 in Stealth
  4781 | D:4      | Reached XP level 7. HP: 20/29 MP: 11/13
  5054 | D:5      | Entered Level 5 of the Dungeon
  5056 | D:5      | Found a staircase to the Ecumenical Temple.
  5201 | D:5      | Reached skill level 1 in Conjurations
  5236 | D:5      | Reached skill level 1 in Evocations
  5466 | D:5      | Reached XP level 8. HP: 35/35 MP: 13/15
  5512 | D:5      | Reached skill level 1 in Invocations
  5524 | D:5      | Reached skill level 5 in Dodging
  5719 | D:5      | Found an ancient bone altar of Kikubaaqudgha.
  5750 | D:6      | Reached ** piety under Hepliaklqana
  5750 | D:6      | Found Tuxen's Antique Armour Emporium.
  5752 | D:6      | Remembered your ancestor Ruby Da Cherry as a battlemage
  5807 | D:6      | Noticed Blork the orc
  5811 | D:6      | Killed Blork the orc
  6148 | D:6      | Reached skill level 6 in Stealth
  6175 | D:6      | Reached XP level 9. HP: 18/39 MP: 13/16
  6458 | D:6      | Found a shimmering blue altar of Sif Muna.
  6479 | D:6      | Bought a runed scarf for 208 gold pieces
  6688 | D:6      | Found a broken altar of Ashenzari.
  6782 | D:6      | Found Ysa Vauh's Antique Weapon Emporium.
  7061 | D:7      | Reached *** piety under Hepliaklqana
  7363 | D:7      | Reached skill level 5 in Translocations
  7554 | D:7      | Found a flagged portal.
  8202 | D:8      | Reached skill level 5 in Spellcasting
  8248 | D:8      | Reached skill level 7 in Stealth
  8372 | D:8      | Reached XP level 10. HP: 43/44 MP: 18/18
  8398 | D:8      | Reached skill level 5 in Ranged Weapons
  8846 | D:8      | Noticed a five-headed hydra
  8855 | D:8      | Killed a five-headed hydra
  8874 | D:8      | Reached skill level 5 in Ice Magic
  8907 | D:8      | Noticed a centaur warrior
  8914 | D:8      | Killed a centaur warrior
  9085 | D:8      | Noticed a two-headed ogre
  9101 | D:8      | Killed a two-headed ogre
  9144 | D:8      | Reached skill level 8 in Stealth
  9147 | D:8      | Noticed a white ugly thing
  9228 | D:8      | Killed a white ugly thing
  9229 | D:8      | Reached skill level 5 in Evocations
  9240 | D:8      | Noticed a boulder beetle
  9277 | D:8      | Noticed a gargoyle
  9390 | D:8      | Killed a boulder beetle
  9391 | D:8      | Reached XP level 11. HP: 48/48 MP: 21/21
  9594 | D:8      | Noticed a catoblepas
  9721 | D:8      | Killed a catoblepas
  9825 | D:8      | Noticed a centaur warrior
  9834 | D:8      | Killed a centaur warrior
 10477 | D:9      | Reached **** piety under Hepliaklqana
 10511 | D:9      | Noticed Grum
 10522 | D:9      | Killed Grum
 10667 | D:9      | Found a staircase to the Lair.
 10825 | D:9      | Found a stormy altar of Qazlal.
 10876 | D:9      | Learned a level 2 spell: Ensorcelled Hibernation
 10884 | D:9      | Learned a level 4 spell: Sticky Flame
 10890 | D:9      | Learned a level 5 spell: Freezing Cloud
 10895 | D:9      | Learned a level 4 spell: Iskenderun's Mystic Blast
 10957 | D:9      | Found a snail-covered altar of Cheibriados.
 11160 | D:10     | Entered Level 10 of the Dungeon
 11160 | D:10     | Found a blossoming altar of Fedhas.
 11231 | D:10     | Found a staircase to the Orcish Mines.
 11542 | D:10     | You fall into a shaft and drop 2 floors!
 12460 | D:10     | Reached skill level 1 in Hexes
 12460 | D:10     | Reached skill level 5 in Invocations
 12466 | D:10     | Reached skill level 1 in Fire Magic
 12561 | D:10     | Reached skill level 1 in Air Magic
 12675 | D:10     | Reached ***** piety under Hepliaklqana
 12960 | D:11     | Noticed a centaur warrior
 12973 | D:11     | Shot with an arrow by a centaur warrior

Illustrated notes

Levels and vault maps discovered:
D:1:      lemuel_arrival_broad_hall, layout_basic
D:2:      layout_loops_ring, minmay_misc_feat_rugged, roderic_lattice_a,
          uniq_robin
D:3:      due_chaos_kobolds, layout_rooms, nicolae_hepliaklqana_hazy_memory,
          mainiacjoe_overflow_concentric_impassable, portal_sewer_entry_f,
          st_stairs_9, chequers_serial_rivers_room_a, kennysheep_boxes
D:4:      layout_loops_ring, nicolae_uskayaw_en_pointe
D:5:      layout_basic, lemuel_zombie_altar_kikubaaqudgha,
          minmay_temple_entry_overgrown, hangedman_abyss_or_decor_lesser_grid,
          minmay_misc_feat_nine_boxes
D:6:      layout_cave_pods, lemuel_crystal_altar, mainiacjoe_overflow_chevrons,
          serial_shops, shop, shop, uniq_blork_the_orc
D:7:      layout_basic, enter_bailey_8, minmay_misc_feat_secret_circle
D:8:      nzn_winding_woodlands_large [nzn_winding_woodlands_5x5_cross,
          nzn_winding_woodlands_5x15_twine, nzn_winding_woodlands_5x5_open_star,
          nzn_winding_woodlands_center_triple_pond,
          nzn_winding_woodlands_15x15_boxy_spiral,
          nzn_winding_woodlands_center_pierced_h,
          nzn_winding_woodlands_5x5_default,
          nzn_winding_woodlands_5x15_concentric,
          nzn_winding_woodlands_5x5_perimeter], layout_rooms
D:9:      layout_long_grid, mainiacjoe_overflow_24_doors, grunt_qazlal_clouds,
          erik_lair_island, uniq_grum
D:10:     layout_grid_maze, fedhas_altar_3, hiddenorc2_lemuel,
          chequers_serial_rivers_small_a
D:11:     layout_cave_pods, minivault_20, st_stairs_11, wad_floor_pattern_1,
          nzn_sisyphean_effort
D:12:     layout_basic, grunt_ministairs_9

Skill      XL: |  1  2  3  4  5  6  7  8  9 10 11 |
---------------+----------------------------------+-----
Dodging        | 3 4 5 6 7 |  7.6
Spellcasting   | 3 4 5 6 7 |  7.2
Translocations | 1 2 3 4 5 6 |  6.8
Ranged Weapons | 1 2 3 4 5 6 |  6.7
Stealth        | 4 5 6 7 8 |  8.7
Necromancy     | 1 2 3 4 |  4.0
Summonings     | 1 2 3 |  3.5
Fighting       | 1 2 3 4 |  4.9
Throwing       | 1 2 |  2.6
Short Blades   | 1 |  1.1
Conjurations   | 1 2 3 4 |  4.1
Evocations     | 1 2 3 5 6 |  6.4
Ice Magic      | 4 5 6 |  6.0
Invocations    | 1 2 4 5 |  5.1
Hexes          | 1 |  1.3
Fire Magic     | 1 |  1.1
Air Magic      | 1 |  1.1
Long Blades    | |  0.9
Armour         | |  0.1

Action                   |  1- 3 |  4- 6 |  7- 9 | 10-12 || total
-------------------------+-------+-------+-------+-------++-------
Melee: Short sword       |     3 |    33 |     2 |     6 ||    44
       Quarterstaff      |       |       |    14 |       ||    14
       Dagger            |       |       |     9 |     6 ||    15
       Falchion          |       |       |     4 |     2 ||     6
       Punch             |       |       |     3 |       ||     3
       Morningstar       |       |       |       |     6 ||     6
       Staff             |       |       |       |     4 ||     4
 Fire: Sling             |    56 |   151 |   225 |   228 ||   660
Throw: Dart              |       |     7 |       |    15 ||    22
       Boomerang         |       |     3 |       |     9 ||    12
       Throwing net      |       |       |       |     2 ||     2
 Cast: Freeze            |    13 |    44 |    29 |    14 ||   100
       Necrotise         |    11 |    25 |     2 |     6 ||    44
       Summon Small Mamm |     3 |    19 |     1 |     2 ||    25
       Hailstorm         |       |       |       |    30 ||    30
       Ensorcelled Hiber |       |       |       |     8 ||     8
       Iskenderun's Myst |       |       |       |     2 ||     2
       Freezing Cloud    |       |       |       |     1 ||     1
       Sticky Flame      |       |       |       |     1 ||     1
Invok: Ancestor Identity |       |     2 |       |       ||     2
       Recall Ancestor   |       |       |     7 |     7 ||    14
       Ancestor Life: Ba |       |       |     1 |       ||     1
       Idealise          |       |       |       |     1 ||     1
Evoke: Wand              |       |       |     5 |    38 ||    43
       Phial of floods   |       |       |       |     2 ||     2
  Use: Scroll            |     4 |     3 |     9 |    11 ||    27
       Potion            |       |       |     1 |     5 ||     6
 Stab: Sleeping          |     1 |     3 |       |     5 ||     9
       Distracted        |       |       |       |     1 ||     1
Armor: Robe              |       |     3 |     6 |     1 ||    10
Dodge: Dodged            |    10 |    66 |    71 |    56 ||   203
       Repelled          |       |       |       |     1 ||     1
